 Dungeon Crawl Stone Soup version 0.20.1-1-g8b1a95d (webtiles) character file.

4175 VajrapaniSR the Cleaver (level 10, -17/93 (94) HPs)
             Began as a Minotaur Berserker on July 3, 2017.
             Was a Priest of Trog.
             Demolished by a white ugly thing (26 damage)
             ... on level 11 of the Dungeon.
             The game lasted 00:16:28 (1906 turns).

VajrapaniSR the Cleaver (Minotaur Berserker)        Turns: 1906, Time: 00:16:29

HP:   -17/93 (94)   AC: 10    Str: 22    XL:     10   Next: 8%
MP:   9/9           EV:  8    Int:  4    God:    Trog [***...]
Gold: 189           SH:  0    Dex: 13    Spells: 9/9 levels left

rFire    . . .     SeeInvis .   a - +1 war axe
rCold    . . .     Gourm    .   (no shield)
rNeg     . . .     Faith    .   n - +0 chain mail
rPois    .         Spirit   .   (helmet restricted)
rElec    .         Reflect  .   (no cloak)
rCorr    .         Harm     .   (no gloves)
MR       .....                  i - +1 pair of boots
Stlth    ..........             (no amulet)
Regen    0.3/turn               (no ring)
MPRegen  0.2/turn               (no ring)

@: berserk cooldown, slowed, very slow
A: retaliatory headbutt, horns 2
a: Berserk, Trog's Hand, Burn Spellbooks, Renounce Religion


You were on level 11 of the Dungeon.
You worshipped Trog.
Trog was most pleased with you.
You were very hungry.

You visited 1 branch of the dungeon, and saw 11 of its levels.

You collected 189 gold pieces.

Inventory:

Hand Weapons
 a - a +1 war axe (weapon)
 b - a +0 morningstar
Armour
 i - a +1 pair of boots (worn)
 n - a +0 chain mail (worn)
Wands
 m - a wand of digging (10/24)
 A - a wand of clouds (5/9)
Scrolls
 d - 3 scrolls of magic mapping
 g - a scroll of fear
 l - 2 scrolls of immolation
 p - 2 scrolls of enchant armour
 w - a scroll of remove curse
Potions
 e - a potion of haste {unknown}
 f - a potion of degeneration {unknown}
 j - a potion of might
 q - a potion of curing {unknown}
 r - a potion of berserk rage {unknown}
 s - a potion of heal wounds {unknown}
 t - 2 potions of lignification
 v - a potion of flight {unknown}
Books
 u - a book of Frost (quivered)

   Spells                             Type                      Level
   a - Freeze                         Ice                          1
   b - Throw Frost                    Conjuration/Ice              2
   c - Ozocubu's Armour               Charms/Ice                   3
   d - Throw Icicle                   Conjuration/Ice              4
   e - Summon Ice Beast               Ice/Summoning                4
   Trog disapproves of the use of such an item.
 y - a book of Necromancy

   Spells                             Type                      Level
   a - Pain                           Necromancy                   1
   b - Animate Skeleton               Necromancy                   1
   c - Vampiric Draining              Necromancy                   3
   d - Regeneration                   Charms/Necromancy            3
   e - Animate Dead                   Necromancy                   4
   f - Control Undead                 Necromancy                   4
   Trog disapproves of the use of such an item.
Comestibles
 c - 6 bread rations
 h - 6 royal jellies
 k - 2 meat rations
 o - 2 fruits


   Skills:
 + Level 10.7 Fighting
 * Level 14.0 Axes
 - Level 2.4 Armour
 - Level 2.1 Dodging


You had 9 spell levels left.
You didn't know any spells.

Dungeon Overview and Level Annotations

Branches:
Dungeon (11/15)
 Temple: D:4-7         Lair: D:8-11         Orc: D:9-12

Altars:
Fedhas
Gozag
Hepliaklqana
Yredelemnul

Shops:
D:6 *   D:9 %

Annotations:
D:2 Jessica


Innate Abilities, Weirdness & Mutations

You reflexively headbutt those who attack you in melee.
You have a pair of horns on your head.


Message History

Eat a chunk of flesh? (ye/n/q)
Okay, then.
You feel a strong urge to attack something.
You are no longer berserk.
You are exhausted.
You feel yourself slow down.
You now have 8/93 hp.
Eat a chunk of flesh? (ye/n/q)
You eat the chunk of flesh.
You are feeling very hungry.
Unknown command.
Okay, then.
Aim: a white ugly thing You create a blast of noxious fumes!
Evoking this partially-identified wand wasted a few charges.
The white ugly thing is engulfed in noxious fumes. x2
The white ugly thing stings you.
* * * LOW HITPOINT WARNING * * *
The white ugly thing freezes you!!
You die...

##...............
##................
#.................
#.......>.........
#.................
#.................
#.......†.........
#.................
#<.....@..........
#......u..........
#.....§§§.........
#.....§§§.........
#....§§§§§........
#.................
#.................
#.................
..........%....


You could see a white ugly thing.

Vanquished Creatures
  Pikel (D:7)
  An ugly thing (D:11)
  A hornet (D:10)
  4 hogs (D:7)
  6 yaks (D:9)
  A human (D:7)
  A hungry ghost (D:11)
  2 ice beasts
  A phantom (D:4)
  A necrophage (D:5)
  A centaur (D:8)
  4 ogres
  2 bullfrogs
  3 wights (D:6)
  A howler monkey (D:4)
  2 crimson imps
  A hound (D:10)
  A centaur zombie (D:5)
  An orc priest (D:5)
  2 jellies
  An orc wizard (D:10)
  A worker ant (D:8)
  4 gnolls (D:6)
  3 adders
  An adder zombie (D:6)
  An adder skeleton (D:7)
  2 worms (D:2)
  A dart slug (D:1)
  6 leopard geckos
  13 orcs
  A giant cockroach (D:2)
  3 hobgoblins (D:2)
  11 jackals
  4 kobolds
  3 quokkas
  A ball python (D:6)
  A bat (D:2)
  2 frilled lizards (D:2)
  3 goblins
  3 rats (D:1)
102 creatures vanquished.

Vanquished Creatures (others)
  2 orc wizards (D:7)
  An orc (D:7)
3 creatures vanquished.

Grand Total: 105 creatures vanquished

Notes
Turn   | Place    | Note
-------+----------+-------------------------------------------
     0 | D:1      | VajrapaniSR the Minotaur Berserker began the quest for the Orb.
     0 | D:1      | Reached XP level 1. HP: 19/19 MP: 0/0
   130 | D:2      | Reached skill level 4 in Axes
   137 | D:2      | Reached XP level 2. HP: 27/27 MP: 1/1
   141 | D:2      | Noticed Jessica
   238 | D:2      | Reached XP level 3. HP: 20/33 MP: 2/2
   249 | D:2      | Reached ** piety under Trog
   385 | D:2      | Found a blossoming altar of Fedhas.
   434 | D:1      | Reached skill level 5 in Axes
   567 | D:4      | Noticed a phantom
   587 | D:4      | Killed a phantom
   587 | D:4      | Reached skill level 5 in Fighting
   587 | D:4      | Reached XP level 4. HP: 22/42 MP: 3/3
   587 | D:4      | Reached XP level 5. HP: 25/48 MP: 4/4
   630 | D:4      | Noticed an ogre
   634 | D:4      | Reached skill level 6 in Axes
   638 | D:4      | Killed an ogre
   688 | D:5      | Entered Level 5 of the Dungeon
   696 | D:5      | Noticed an ogre
   699 | D:5      | Killed an ogre
   699 | D:5      | Reached skill level 7 in Axes
   699 | D:5      | Reached XP level 6. HP: 57/57 MP: 5/5
   755 | D:5      | Reached skill level 8 in Axes
   765 | D:5      | Reached XP level 7. HP: 56/62 MP: 6/6
   960 | D:6      | Found Heapa's Elemental Accessories.
   983 | D:6      | Found a basalt altar of Yredelemnul.
   991 | D:6      | Reached skill level 9 in Axes
  1096 | D:7      | Found a hazy altar of Hepliaklqana.
  1097 | D:7      | Found an opulent altar of Gozag.
  1172 | D:7      | Noticed Pikel
  1192 | D:7      | Killed Pikel
  1192 | D:7      | Reached skill level 10 in Axes
  1192 | D:7      | Reached XP level 8. HP: 73/73 MP: 7/7
  1268 | D:7      | Reached skill level 11 in Axes
  1273 | D:7      | Reached XP level 9. HP: 82/82 MP: 8/8
  1339 | D:7      | Reached *** piety under Trog
  1377 | D:7      | Reached skill level 12 in Axes
  1387 | D:7      | You fall through a shaft!
  1452 | D:9      | Found Jiboeb's Food Shoppe.
  1468 | D:9      | Reached skill level 10 in Fighting
  1468 | D:9      | Reached skill level 13 in Axes
  1534 | D:10     | Entered Level 10 of the Dungeon
  1712 | D:10     | Paralysed by a hornet for 2 turns
  1882 | D:11     | Noticed a white ugly thing
  1895 | D:11     | Killed a white ugly thing
  1895 | D:11     | Reached XP level 10. HP: 11/93 MP: 9/9
  1900 | D:11     | Reached skill level 14 in Axes
  1901 | D:11     | Noticed a white ugly thing
  1906 | D:11     | Demolished by a white ugly thing

Skill      XL: |  1  2  3  4  5  6  7  8  9 10 |
---------------+-------------------------------+-----
Axes           | 4 5 7 8 10 11 13 14 | 14.0
Fighting       | 4 5 6 8 9 10 | 10.7
Armour         | |  2.4
Dodging        | |  2.1

Action                   |  1- 3 |  4- 6 |  7- 9 | 10-12 || total
-------------------------+-------+-------+-------+-------++-------
Melee: Hand axe          |    68 |    15 |       |       ||    83
       Headbutt          |    11 |    13 |    24 |       ||    48
       War axe           |       |     6 |   157 |     3 ||   166
Invok: Berserk           |     3 |     2 |     9 |       ||    14
       Trog's Hand       |     1 |       |     1 |       ||     2
Evoke: Wand              |       |       |       |     1 ||     1
  Use: Scroll            |     4 |       |     8 |       ||    12
  Eat: Chunk             |     1 |     3 |    12 |     1 ||    17
       Fruit             |       |     1 |       |       ||     1
Armor: Animal skin       |    18 |       |       |       ||    18
       Scale mail        |     4 |     4 |    35 |       ||    43
       Chain mail        |       |       |    16 |     3 ||    19
Dodge: Dodged            |    45 |     6 |    77 |       ||   128
